 Dungeon Crawl Stone Soup version 0.30.1-4-g462c640d31 (webtiles) character file.

Game seed: 8774088289140705952

2023 lonewolfV2 the Chopper (level 9, -2/68 HPs)
             Began as a Demonspawn Fighter on Aug 28, 2023.
             Was an Initiate of Makhleb.
             Killed from afar by a steam dragon (26 damage)
             ... with a ball of steam
             ... on level 8 of the Dungeon.
             The game lasted 00:11:28 (6346 turns).

lonewolfV2 the Chopper (Demonspawn Fighter)         Turns: 6346, Time: 00:11:28

Health: -2/68      AC:  4    Str: 27    XL:     9   Next: 3%
Magic:  9/9        EV: 17    Int:  9    God:    Makhleb [......]
Gold:   347        SH:  6    Dex: 13    Spells: 8/8 levels left

rFire   . . .        a - +1 war axe (drain)
rCold   . . .        c - +1 buckler
rNeg    . . .        d - +0 troll leather armour {Pargi}
rPois   .            (helmet restricted)
rElec   .            (no cloak)
rCorr   .            (no gloves)
SInv    .            (no boots)
Will    .....        (no amulet)
Stlth   ++           x - +6 ring of strength
HPRegen 1.11/turn    E - +5 ring of evasion
MPRegen 0.11/turn

%: no passive effects
@: studying Throwing
A: horns 2, demonic guardian 1, ignite blood 1
a: Renounce Religion


You were on level 8 of the Dungeon.
You worshipped Makhleb.
Makhleb was noncommittal.
You visited 2 branches of the dungeon, and saw 9 of its levels.
You also visited: Sewer.

You collected 347 gold pieces.

Inventory:

Hand Weapons
 a - a +1 war axe of draining (weapon)
 f - a +4 halberd of electrocution
Armour
 b - a +0 scale mail
 c - a +1 buckler (worn)
 d - a +0 troll leather armour (worn) {Pargi}
Jewellery
 s - an amulet of the acrobat
 t - a ring of fire
 w - a ring of flight
 x - a +6 ring of strength (left hand)
 B - a ring of protection from fire
 C - a ring of see invisible
 E - a +5 ring of evasion (right hand)
Wands
 u - a wand of flame (50)
 y - a wand of charming (3)
 F - a wand of polymorph (5)
Scrolls
 i - a scroll of enchant armour
 j - 2 scrolls of amnesia
 r - 3 scrolls of teleportation
 v - a scroll of enchant weapon
 D - a scroll of blinking
Potions
 e - 2 potions of mutation
 g - 2 potions of attraction
 h - 3 potions of brilliance
 k - 3 potions of flight
 l - 3 potions of curing
 m - 2 potions of lignification
 n - a potion of degeneration {unknown}
 p - 2 potions of might
 q - a potion of cancellation
 z - a potion of berserk rage {unknown}
 A - a potion of ambrosia {unknown}
 H - a potion of resistance {unknown}


   Skills:
 + Level 5.4 Fighting
 + Level 7.6 Axes
 + Level 4.4 Armour
 + Level 3.6 Dodging
 + Level 1.8 Stealth
 + Level 4.4 Shields


You had 8 spell levels left.
You didn't know any spells.
Your spell library contained the following spells:

 Spells                   Type           Power      Damage    Failure   Level
 Foxfire                  Conj/Fire      0%         2x1d4     47%         1
 Sandblast                Erth           0%         2d4       47%         1
 Passwall                 Tmut/Erth      0%         N/A       63%         2
 Static Discharge         Conj/Air       0%         2-2/arc   63%         2
 Stone Arrow              Conj/Erth      0%         3d7       85%         3
 Tukima's Dance           Hex            0%         N/A       85%         3
 Airstrike                Air            0%         2d(0-16)  99%         4
 Passage of Golubria      Tloc           0%         N/A       99%         4
 Summon Lightning Spire   Summ/Air       0%         N/A       99%         4
 Fireball                 Conj/Fire      0%         3d3       100%        5
 Yara's Violent Unravell  Hex/Tmut       0%         3d3       100%        5
 Plasma Beam              Fire/Air       0%         2x1d11    100%        6
 Starburst                Conj/Fire      0%         6d3       100%        6


Dungeon Overview and Level Annotations

Branches:
Dungeon (8/15)             Temple (1/1) D:7           Sewer (visited)
   Lair: D:8-11

Altars:
Ashenzari
Dithmenos
Hepliaklqana
Kikubaaqudgha
Makhleb
Nemelex Xobeh
Okawaru
Qazlal
Ru
Sif Muna
Uskayaw
Vehumet
Wu Jian
Yredelemnul

Shops:
D:2 (   D:3 =


Innate Abilities, Weirdness & Mutations

You have a pair of horns on your head.
A weak demonic guardian rushes to your aid.
Your demonic aura sometimes causes spilled blood to erupt in flames.


Message History

The ball of steam misses you.
The centaur shoots an arrow.
The arrow hits you.
The centaur unwields a +0 shortbow.
The centaur hits you. The centaur closely misses you.
You hit the centaur but do no damage. You headbutt the centaur.
The centaur is lightly wounded.
You block the centaur's attack. The centaur kicks you. The centaur misses you.
The centaur barely misses you.
You barely miss the centaur.
The centaur is lightly wounded.
You closely miss the steam dragon. The centaur barely misses you. x2
The steam dragon breathes steam at you. The ball of steam hits you.
You hit the centaur. Your headbutt misses the centaur.
The centaur is moderately wounded.
You closely miss the steam dragon.
You are engulfed in a cloud of scalding steam.
The centaur closely misses you. x2; The centaur hits you.
The centaur kicks you but does no damage.
The steam dragon closely misses you. x2
You slash the centaur!
The centaur is almost dead.
You slash the steam dragon!
The centaur is engulfed in a cloud of scalding steam.
The centaur dies!
The steam dragon closely misses you. The steam dragon barely misses you.
You have reached level 9!
Your experience leads to an increase in your attributes!
Your base attributes are Str 19, Int 9, Dex 13.
Increase (S)trength, (I)ntelligence, or (D)exterity?
You feel stronger. x2; Your demonic ancestry asserts itself...
The horns on your head grow some more.
You barely miss the steam dragon.
You headbutt the steam dragon, but do no damage.
The steam dragon is moderately wounded.
You block the steam dragon's attack. The steam dragon claws you.
You hit the steam dragon but do no damage.
The steam dragon is moderately wounded.
The steam dragon breathes steam at you. The ball of steam hits you!!
You die...

...............
....................
....................
....................
....................
..............?..^....
..........)............
..........D@§...........
..........§..............
............................
............................
............................
............................
............................
............................
................[...........


You could see a steam dragon (catching breath).

Vanquished Creatures
  Pargi (Sewer)
  An orc warrior (D:7)
  A phantom (D:7)
  A kobold brigand (D:5)
  6 bullfrogs
  3 scorpions
  4 wights
  A howler monkey (D:6)
  2 hounds
  A jelly (D:4)
  Crazy Yiuf (D:3)
  An orc priest (D:6)
  Jessica (D:3)
  2 iguanas
  5 orc wizards
  2 sleepcaps
  Terence (D:3)
  Ijyb (D:3)
  12 adders
  A shadow imp (D:7)
  An ufetubus (D:6)
  4 worms (D:3)
  5 dart slugs
  36 orcs
  4 endoplasms
  2 giant cockroaches
  8 goblins
  2 hobgoblins
  4 jackals (D:5)
  23 kobolds
  4 quokkas
  5 ball pythons
  5 bats
  6 frilled lizards
  4 rats
161 creatures vanquished.

Vanquished Creatures (collateral kills)
  A phantom (D:5)
  3 kobolds (D:5)
4 creatures vanquished.

Vanquished Creatures (others)
  A centaur (D:8)
1 creature vanquished.

Grand Total: 166 creatures vanquished

Notes
Turn   | Place    | Note
-------+----------+-------------------------------------------
     0 | D:1      | lonewolfV2 the Demonspawn Fighter began the quest for the
                  | Orb.
     0 | D:1      | Reached XP level 1. HP: 18/18 MP: 1/1
   347 | D:1      | Gained mutation: Your demonic aura sometimes causes spilled
                  | blood to erupt in flames. [demonic ancestry]
   347 | D:1      | Reached XP level 2. HP: 23/24 MP: 2/2
   897 | D:2      | Reached skill level 2 in Axes
   957 | D:2      | Gained mutation: You have a pair of small horns on your
                  | head. [demonic ancestry]
   957 | D:2      | Reached XP level 3. HP: 27/29 MP: 3/3
  1186 | D:2      | Found Jyokliy's Antique Weapon Boutique.
  1405 | D:3      | Reached XP level 4. HP: 31/35 MP: 4/4
  1433 | D:3      | Found a glowing drain.
  1456 | Sewer    | Entered a sewer
  1531 | Sewer    | Noticed Pargi
  1545 | Sewer    | Killed Pargi
  1546 | Sewer    | Reached skill level 3 in Axes
  1546 | Sewer    | Reached XP level 5. HP: 42/42 MP: 5/5
  1678 | D:3      | Reached skill level 1 in Dodging
  1997 | D:3      | Noticed Jessica
  2003 | D:3      | Killed Jessica
  2165 | D:3      | Noticed Terence
  2173 | D:3      | Killed Terence
  2174 | D:3      | Gained mutation: A weak demonic guardian rushes to your
                  | aid. [demonic ancestry]
  2174 | D:3      | Reached XP level 6. HP: 11/48 MP: 6/6
  2335 | D:3      | Found a transporter.
  2335 | D:3      | Found Movehum's Jewellery Shop.
  2363 | D:3      | Found a transporter.
  2446 | D:3      | Found a shimmering blue altar of Sif Muna.
  2447 | D:3      | Found a broken altar of Ashenzari.
  2464 | D:3      | Found a hazy altar of Hepliaklqana.
  2466 | D:3      | Found a sparkling altar of Nemelex Xobeh.
  2504 | D:3      | Found a runed translucent door.
  2504 | D:3      | Noticed Ijyb
  2505 | D:3      | Noticed Crazy Yiuf
  2566 | D:3      | Killed Crazy Yiuf
  2568 | D:3      | Killed Ijyb
  2742 | D:4      | Found a radiant altar of Vehumet.
  2780 | D:4      | Found a large runed translucent door.
  2780 | D:4      | Found a large runed translucent door.
  2832 | D:4      | Identified the +1 sling of Fear {freeze, rN+ rCorr SInv
                  | Stlth+}
  2858 | D:4      | Reached skill level 4 in Axes
  3614 | D:4      | Found an iron altar of Okawaru.
  3620 | D:4      | Found a hide-covered altar of Uskayaw.
  3660 | D:5      | Entered Level 5 of the Dungeon
  3683 | D:5      | Reached XP level 7. HP: 54/54 MP: 7/7
  3837 | D:5      | Reached skill level 5 in Axes
  4147 | D:5      | Found a shadowy altar of Dithmenos.
  4421 | D:6      | Reached skill level 1 in Stealth
  4433 | D:6      | Reached XP level 8. HP: 29/61 MP: 8/8
  4546 | D:5      | Reached skill level 6 in Axes
  4877 | D:6      | Reached skill level 5 in Fighting
  5527 | D:7      | Found a staircase to the Ecumenical Temple.
  5673 | Temple   | Entered the Ecumenical Temple
  5709 | Temple   | Became a worshipper of Makhleb the Destroyer
  5898 | D:7      | Reached skill level 7 in Axes
  6345 | D:8      | Gained mutation: You have a pair of horns on your head.
                  | [demonic ancestry]
  6345 | D:8      | Reached XP level 9. HP: 25/68 MP: 9/9
  6346 | D:8      | Killed from afar by a steam dragon

Illustrated notes

Levels and vault maps discovered:
D:1:      wander_arrival_desolate, layout_basic
D:2:      layout_basic, serial_shops, shop, minmay_misc_feat_doors
D:3:      layout_basic, minitemple, cheibrodos_sewer_entry_sluice, serial_shops,
          nicolae_shop_drivethru, uniq_crazy_yiuf_cottage, uniq_jessica,
          uniq_terence, uniq_ijyb
D:4:      nicolae_cairo_tiling_large, layout_loops_ring,
          nicolae_overflow_hidden_temple, nicolae_vehumet_altar_sigil,
          jmf_multi_god_temple2, chequers_serial_rivers_small_b,
          chequers_serial_rivers_large_a
D:5:      kennysheep_kobold_camp, layout_cave_pools,
          nicolae_overflow_crystal_walls
D:6:      layout_basic, minmay_manual_mail
D:7:      layout_gridville, minmay_temple_entry_drinking_statues
D:8:      layout_layer_cave, mainiacjoe_overflow_concentric_impassable,
          nicolae_transporter_circle
Temple:   hellmonk_temple_of_storms

Skill      XL: |  1  2  3  4  5  6  7  8 |
---------------+-------------------------+-----
Shields        | 3 4 |  4.4
Axes           | 2 3 4 5 7 |  7.6
Armour         | 3 4 |  4.4
Dodging        | 1 2 3 |  3.6
Fighting       | 4 5 |  5.4
Stealth        | 1 |  1.8

Action                     |  1- 3 |  4- 6 |  7- 9 || total
---------------------------+-------+-------+-------++-------
  Melee: War axe           |    64 |   170 |   183 ||   417
         Headbutt          |     3 |    26 |    38 ||    67
    Use: Scroll            |       |     7 |    13 ||    20
         Potion            |       |     4 |     2 ||     6
   Stab: Sleeping          |       |     1 |     1 ||     2
 Armour: Scale mail        |    33 |    24 |       ||    57
         Troll leather arm |       |    44 |    74 ||   118
  Dodge: Dodged            |    39 |    90 |   136 ||   265
  Block: Buckler           |    12 |    51 |    69 ||   132
